 Dungeon Crawl Stone Soup version 0.29.0-11-gd7f09526c8 (webtiles) character file.

Game seed: 2114236024186181315

140 gelatine the Chucker (level 5, -1/57 HPs)
             Began as a Demonspawn Wanderer on Sept 6, 2022.
             Was a Follower of Ashenzari.
             Slain by Robin
             ... wielding a +0 falchion
              (3 damage)
             ... on level 4 of the Dungeon.
             The game lasted 00:09:09 (3275 turns).

gelatine the Chucker (Demonspawn Wanderer)          Turns: 3275, Time: 00:09:10

Health: -1/57      AC: 22    Str: 14    XL:     5   Next: 2%
Magic:  10/10      EV:  2    Int: 13    God:    Ashenzari [*.....]
Gold:   176        SH:  0    Dex: 13    Spells: 10/11 levels left

rFire   . . .      SeeInvis .   a - +2 hand axe "I Knew You'd Do That" {Evo, Cun} (curse)
rCold   . . .      Faith    .   (no shield)
rNeg    + . .      Spirit   .   (body armour currently unavailable)
rPois   +          Reflect  .   (helmet currently unavailable)
rElec   .          Harm     .   (cloak currently unavailable)
rCorr   .          Rampage  .   (gloves currently unavailable)
Will    .....      NoTele   +   (boots currently unavailable)
Stlth   +.........              (no amulet)
HPRegen 0.19/turn               f - ring of positive energy
MPRegen 0.12/turn               (no ring)

@: tree-form
A: stationary, stasis, torment immunity, boosted hp, (horns 1), rugged brown
scales 1, (spiny 1)
a: Renounce Religion, Shatter the Chains


You were on level 4 of the Dungeon.
You worshipped Ashenzari.
Ashenzari was aware of your devotion.
You were a tree.
You visited 1 branch of the dungeon, and saw 4 of its levels.

You collected 176 gold pieces.

Inventory:

Hand Weapons
 a - the cursed +2 hand axe "I Knew You'd Do That" (weapon) {Evo, Cun}

   It has a curse which improves the following skills: Evocations: Evocations.
   Cunning:   Dodging and Stealth.
 c - a +0 dagger
 m - a +3 dagger
 u - the +1 war axe "Kejuyra" {drain, *Rage rElec Int+2}
   (You found it on level 3 of the Dungeon)

   A truly terrible weapon, it drains the life of any living foe it strikes.
   Int:       It affects your intelligence (+2).
   rElec:     It insulates you from electricity.
   *Rage:     It berserks you when you make melee attacks (+20% chance).
Missiles
 b - 11 poisoned darts
Armour
 e - a +0 robe (melded)
 g - a +0 chain mail
 j - a +0 pair of boots
 k - a +0 cloak (melded)
 n - a +0 scale mail
 o - the cursed +1 pair of boots "Vision of Ashenzari" (melded) {Cun, Range}
   (You found it on level 1 of the Dungeon)

   It has a curse which improves the following skills: Cunning: Dodging and
   Stealth.
   Ranged Combat: Ranged Weapons and Throwing.
 r - a +0 ring mail
Jewellery
 f - a ring of positive energy (left branch)
Scrolls
 d - a scroll of teleportation
 h - a scroll of fog
 q - 2 scrolls of noise
Potions
 i - a potion of mutation
 l - 2 potions of resistance
 p - 2 potions of might


   Skills:
 + Level 1.2 Fighting
 + Level 3.0 Axes
 + Level 4.0 Throwing
 * Level 1.1(1.7) Dodging
 + Level 0.3(0.6) Stealth
 + Level 3.7 Spellcasting
 + Level 0.8 Earth Magic
 * Level 0.2(0.4) Evocations


You had 10 spell levels left.
You knew the following spells:

 Your Spells              Type           Power      Damage    Failure   Level
a - Sandblast             Erth           8%         2d5       16%         1

Your spell library contained the following spells:

 Spells                   Type           Power      Damage    Failure   Level
 Passwall                 Tmut/Erth      2%         N/A       26%         2
 Ensorcelled Hibernation  Hex/Ice        4%         N/A       32%         2
 Stone Arrow              Conj/Erth      6%         3d7       47%         3
 Swiftness                Air            2%         N/A       54%         3


Dungeon Overview and Level Annotations

Branches:
Dungeon (4/15)
 Temple: D:4-7

Altars:
Ashenzari
Ru

Annotations:
D:4 Blork the orc, Edmund, Robin


Innate Abilities, Weirdness & Mutations

You are a tree.
Your roots penetrate the ground, keeping you stationary.
You cannot be teleported.
You are immune to unholy pain and torment.
Your maximum health is greatly increased.
Your equipment is partially melded.
((You have a pair of small horns on your head.))
(You are partially covered in rugged brown scales. (AC +1, +3% HP))
((You are partially covered in sharp spines.))


Message History

You barely miss the goblin. You hit the goblin but do no damage. x3
You hit the goblin.
You kill the goblin!
The goblin hits you but does no damage. The goblin is struck by your spines.
You kill the goblin!
The goblin is struck by your spines.
You kill the goblin!
The goblin hits you but does no damage. Robin throws the goblin at you!
Really quaff the potion of lignification?
You turn into a tree.
Your +0 cloak melds into your body.
The cursed +1 pair of boots "Vision of Ashenzari" {Cun, Range} melds into your body.
Your +0 robe melds into your body.
Your roots penetrate the ground.
The goblin hits you but does no damage. x3
The goblin hits you with a +0 dagger.
* * * LOW HITPOINT WARNING * * *
The goblin hits you but does no damage.
You closely miss the goblin. You barely miss the goblin. x2
You hit the goblin.
You kill the goblin!
You hit the goblin but do no damage.
The goblin hits you but does no damage. x3
The goblin hits you with a +0 dagger.
* * * LOW HITPOINT WARNING * * *
You have reached level 5!
You hit the goblin.
You kill the goblin!
You hit Edmund. You barely miss the goblin. You hit the goblin.
You kill the goblin!
You hit the gnoll. You barely miss the goblin.
The goblin hits you but does no damage.
The gnoll hits you but does no damage. x2
Edmund hits you with a +2 flail of protection.
* * * LOW HITPOINT WARNING * * *
The goblin hits you but does no damage.
Your Axes skill increases to level 3!
Unknown command.
You hit the goblin.
You kill the goblin!
You hit Robin but do no damage. You hit the gnoll. You hit the goblin.
You closely miss Edmund. The goblin hits you but does no damage.
The gnoll hits you but does no damage. Robin hits you with a +0 falchion.
You die...

... .. .. #####
#.##.##.#
..<.##########......#
....#...............###
....#.#####.#..........
........))....g.o...####
....#.###......g)@.....#
....#.##......gg♣).#
....#.##.(.....g#.......
.####.##.......w##.#####
. #.##........# .# .
#.##.[.....## .
#........... ##
.#.......# #####.###


You could see Edmund, Blork the orc, Robin, 3 gnolls, a dart slug and a goblin
(strong).

Vanquished Creatures
  A gnoll (D:4)
  6 adders
  A worm (D:2)
  3 dart slugs
  3 bats
  3 endoplasms
  5 giant cockroaches
  14 goblins
  6 hobgoblins
  3 kobolds
  7 quokkas
  4 ball pythons
  6 frilled lizards
  3 rats
65 creatures vanquished.

Notes
Turn   | Place    | Note
-------+----------+-------------------------------------------
     0 | D:1      | gelatine the Demonspawn Wanderer began the quest for the
                  | Orb.
     0 | D:1      | gelatine set off with the following items: a +2 hand axe,
                  | 11 poisoned darts, a +0 dagger, a scroll of teleportation,
                  | a +0 robe; and the following spell memorised: Sandblast;
                  | and the following spells available to memorise: Stone
                  | Arrow.
     0 | D:1      | Reached XP level 1. HP: 15/15 MP: 4/4
   448 | D:1      | Gained mutation: You have a pair of small horns on your
                  | head. [demonic ancestry]
   448 | D:1      | Reached XP level 2. HP: 19/21 MP: 6/6
   987 | D:1      | Reached skill level 4 in Throwing
   987 | D:1      | Gained mutation: You are partially covered in sharp spines.
                  | [demonic ancestry]
   987 | D:1      | Reached XP level 3. HP: 15/26 MP: 7/7
  1623 | D:2      | Gained mutation: You are partially covered in rugged brown
                  | scales. (AC +1, +3% HP) [demonic ancestry]
  1623 | D:2      | Reached XP level 4. HP: 17/32 MP: 6/9
  1840 | D:2      | Noticed a great orb of eyes
  1843 | D:2      | Found a faded altar of an unknown god.
  1936 | D:2      | Noticed a floating eye
  1940 | D:2      | Noticed an eye of devastation
  1944 | D:2      | Noticed a floating eye
  1949 | D:2      | Prayed at the altar of an unknown god.
  1949 | D:2      | Became a worshipper of Ashenzari the Shackled
  2709 | D:3      | Reached * piety under Ashenzari
  3172 | D:3      | Identified the +1 war axe "Kejuyra" {drain, *Rage rElec
                  | Int+2}
  3179 | D:3      | Found a sacrificial altar of Ru.
  3258 | D:4      | Noticed Robin
  3260 | D:4      | Reached skill level 1 in Dodging
  3267 | D:4      | Noticed Edmund
  3270 | D:4      | Noticed Blork the orc
  3274 | D:4      | Reached XP level 5. HP: 4/38 MP: 10/10
  3274 | D:4      | HP: 2/57 [Edmund/+2 flail of protection (2)]
  3275 | D:4      | Slain by Robin

Illustrated notes

Levels and vault maps discovered:
D:1:      minmay_arrival_semitransparent, layout_loops_ring
D:2:      layout_rooms, serial_rivers, chequers_serial_rivers_micro_b,
          chequers_serial_rivers_micro_b, chequers_serial_rivers_small_b,
          chequers_serial_rivers_large_b,
          hellmonk_ecumenical_altar_watching_god, kennysheep_generic_room_10
D:3:      layout_loops_ring, lemuel_coloured_pillars_altar
D:4:      layout_loops_ring, temple_green, serial_park_tiny_pond,
          uniq_blork_the_orc, uniq_robin, uniq_edmund

Skill      XL: |  1  2  3  4  5 |
---------------+----------------+-----
Throwing       | 4 |  4.0
Axes           | 2 3 |  3.0
Dodging        | 1 |  1.1
Fighting       | |  1.2
Stealth        | |  0.3
Spellcasting   | |  3.7
Earth Magic    | |  0.8
Evocations     | |  0.2

Action                   |  1- 3 |  4- 6 || total
-------------------------+-------+-------++-------
Melee: Hand axe          |    76 |    39 ||   115
       Headbutt          |     6 |     2 ||     8
Throw: Dart              |     1 |       ||     1
 Cast: Sandblast         |    12 |     5 ||    17
Invok: Curse Item        |       |     2 ||     2
  Use: Potion            |       |     2 ||     2
       Scroll            |       |     1 ||     1
 Stab: Sleeping          |       |     1 ||     1
Armor: Robe              |    20 |    13 ||    33
       Skin              |       |    13 ||    13
Dodge: Dodged            |    51 |    24 ||    75
